 Dungeon Crawl Stone Soup version 0.28-a0-1395-g4f6bc678fa (webtiles) character file.

Game seed: 8418839825295726333

102 Lekart the Skirmisher (level 4, -10/39 HPs)
             Began as a Draconian Fighter on Jan 4, 2022.
             Was a Priest of Nemelex Xobeh.
             Blown up by Ijyb (19 damage)
             ... with a mindburst bolt
             ... on level 4 of the Dungeon.
             The game lasted 00:03:22 (3270 turns).

Lekart the Skirmisher (Draconian Fighter)           Turns: 3270, Time: 00:03:23

Health: -10/39     AC:  5    Str: 19    XL:     4   Next: 49%
Magic:  4/4        EV: 12    Int:  8    God:    Nemelex Xobeh [***...]
Gold:   85         SH:  4    Dex: 12    Spells: 3/3 levels left

rFire   . . .      SeeInvis .   a - +0 war axe
rCold   . . .      Faith    .   b - +0 buckler
rNeg    . . .      Spirit   .   (armour unavailable)
rPois   .          Reflect  .   (helmet restricted)
rElec   .          Harm     .   (no cloak)
rCorr   .          Rampage  .   (no gloves)
Will    .....                   (no boots)
Stlth   +.........              (no amulet)
HPRegen 0.13/turn               (no ring)
MPRegen 0.09/turn               (no ring)

@: lethally poisoned (-10 -> -31)
A: AC +5, unfitting armour, cold-blooded
a: Renounce Religion, Draw Escape, Draw Destruction, Draw Summoning, Triple Draw


You were on level 4 of the Dungeon.
You worshipped Nemelex Xobeh.
Nemelex Xobeh was most pleased with you.
You visited 1 branch of the dungeon, and saw 4 of its levels.

You collected 85 gold pieces.

Inventory:

Hand Weapons
 a - a +0 war axe (weapon)
Armour
 b - a +0 buckler (worn)
Scrolls
 d - 4 scrolls of identify {unknown}
 e - 3 scrolls of teleportation {unknown}
 i - 2 scrolls of magic mapping {unknown}
 m - 3 scrolls of fear {unknown}
 n - a scroll of noise {unknown}
 o - a scroll of fog {unknown}
Potions
 c - a potion of might
 f - a potion of magic
 g - 3 potions of curing {unknown}
 j - a potion of resistance {unknown}
 k - a potion of lignification {unknown}
 l - 2 potions of flight {unknown}


   Skills:
 + Level 3.6 Fighting
 + Level 3.0 Axes
 + Level 1.1 Throwing
 + Level 3.2 Dodging
 + Level 3.4 Shields
 * Level 1.3 Invocations


You had 3 spell levels left.
You didn't know any spells.
Your spell library contained the following spells:

 Spells                   Type           Power      Damage    Failure   Level
 Gell's Gravitas          Tloc           0%         N/A       80%         3
 Teleport Other           Tloc           0%         N/A       80%         3
 Dispersal                Tloc           0%         N/A       100%        6


Dungeon Overview and Level Annotations

Branches:
Dungeon (4/15)
 Temple: D:4-7

Altars:
Nemelex Xobeh

Shops:
D:1 *   D:4 *

Annotations:
D:2 1 runed translucent door, Crazy Yiuf
D:4 Ijyb


Innate Abilities, Weirdness & Mutations

Your plain brown scales are hard. (AC +5)
You cannot fit into any form of body armour.
You are cold-blooded and may be slowed by cold attacks.


Message History

Press: ? - help, Q - select action, (/) - cycle Shift-Dir - straight line, f - Ijyb
Aim: Ijyb, wielding a +4 dagger of venom, wearing a +0 ring mail and carrying a wand of mindburst (12) (53% to hit)
You throw a poisoned dart. The poisoned dart closely misses Ijyb.
Throw: 3 darts (poison)
Press: ? - help, Q - select action, (/) - cycle Shift-Dir - straight line, f/p - Ijyb
Aim: Ijyb, wielding a +4 dagger of venom, wearing a +0 ring mail and carrying a wand of mindburst (12) (53% to hit)
You throw a poisoned dart. The poisoned dart hits Ijyb.
Ijyb is poisoned.
Throw: 2 darts (poison)
Press: ? - help, Q - select action, (/) - cycle Shift-Dir - straight line, f/p - Ijyb
Aim: Ijyb, wielding a +4 dagger of venom, wearing a +0 ring mail and carrying a wand of mindburst (12) (lightly wounded, poisoned, 53% to hit)
You throw a poisoned dart. The poisoned dart hits Ijyb.
Ijyb looks even sicker.
Ijyb is lightly wounded.
Ijyb zaps a wand.
Your mind is blasted!
Throw: dart (poison)
Press: ? - help, Q - select action, (/) - cycle Shift-Dir - straight line, f/p - Ijyb
Aim: Ijyb, wielding a +4 dagger of venom, wearing a +0 ring mail and carrying a wand of mindburst (11) (moderately wounded, very poisoned, 53% to hit)
You throw a poisoned dart. The poisoned dart hits Ijyb.
Ijyb looks even sicker.
Ijyb is moderately wounded.
Unknown command.
You hit Ijyb.
Ijyb is heavily wounded.
Ijyb hits you with a +4 dagger of venom.
You closely miss Ijyb.
Ijyb is severely wounded.
Ijyb hits you with a +4 dagger of venom.
You are poisoned.
You block Ijyb's attack.
You closely miss Ijyb. You tail-slap Ijyb, but do no damage.
Ijyb is almost dead.
You feel very sick.
Ijyb hits you with a +4 dagger of venom!
You are lethally poisoned!
You are too injured to fight recklessly!
You are too injured to fight recklessly!
It was a potion of magic.
Magic courses through your body.
* * * LOW HITPOINT WARNING * * *
You feel very sick.
Ijyb zaps a wand.
Your mind is blasted!
You die...
Your body disappears without a glow.

#####.### #.# ########.#
#........# #.######.#
#(# ####.## #.#
#.###.##.#♣.
#....########.##.....♣♣♣
.(.((.g@.............♣♣.
#....#######.........♣♣P
#.# #.####..##♣.. #.#
##).# ♣P. #.# #...# ♣.
#.# #.>.# #. #.###.#.#
## #.......# #####.###


You could see Ijyb (very poisoned).

Vanquished Creatures
  A hound skeleton (D:4)
  3 adders (D:2)
  2 worms (D:3)
  2 dart slugs (D:2)
  An orc (D:3)
  3 endoplasms
  3 giant cockroaches
  7 goblins
  4 hobgoblins
  6 kobolds
  2 quokkas
  6 ball pythons
  6 bats
  5 frilled lizards
  2 rats (D:1)
53 creatures vanquished.

Vanquished Creatures (others)
  A plant (D:4)
1 creature vanquished.

Grand Total: 54 creatures vanquished

Notes
Turn   | Place    | Note
-------+----------+-------------------------------------------
     0 | D:1      | Lekart the Draconian Fighter began the quest for the Orb.
     0 | D:1      | Reached XP level 1. HP: 19/19 MP: 1/1
   248 | D:1      | Reached XP level 2. HP: 23/26 MP: 2/2
   332 | D:1      | Found a faded altar of an unknown god.
   386 | D:1      | Prayed at the altar of an unknown god.
   386 | D:1      | Became a worshipper of Nemelex Xobeh the Trickster
   386 | D:1      | Reached * piety under Nemelex Xobeh
   386 | D:1      | Received a gift from Nemelex Xobeh
   540 | D:1      | Found Vulir's General Store.
  1016 | D:2      | Reached XP level 3. HP: 26/31 MP: 3/3
  1087 | D:2      | Found a runed translucent door.
  1088 | D:2      | Noticed Crazy Yiuf
  1221 | D:2      | Reached ** piety under Nemelex Xobeh
  1290 | D:2      | Received a gift from Nemelex Xobeh
  1782 | D:2      | Reached skill level 1 in Invocations
  1823 | D:2      | Received a gift from Nemelex Xobeh
  1868 | D:2      | Reached skill level 1 in Throwing
  1868 | D:2      | Reached XP level 4. HP: 39/39 MP: 4/4
  2593 | D:3      | Reached *** piety under Nemelex Xobeh
  2771 | D:4      | Found Wiabri's Assorted Antiques.
  3261 | D:4      | Noticed Ijyb
  3270 | D:4      | Blown up by Ijyb

Illustrated notes

Levels and vault maps discovered:
D:1:      dpeg_arrival_tiny_j, layout_loops_ring,
          chequers_ecumenical_altar_simple, serial_shops, shop
D:2:      layout_loops_corners, uniq_crazy_yiuf_cottage
D:3:      layout_loops_ring
D:4:      layout_loops_corners, serial_shops, nicolae_shop_crystal,
          serial_forest, infiniplex_forest_end_3, infiniplex_forest_lined_2,
          infiniplex_forest_fountain, infiniplex_forest_clump_tiny,
          infiniplex_forest_split, infiniplex_forest_straight_2,
          infiniplex_forest_clump_curved, infiniplex_forest_straight_2,
          uniq_ijyb

Skill      XL: |  1  2  3  4 |
---------------+-------------+-----
Dodging        | 3 |  3.2
Invocations    | 1 |  1.3
Throwing       | 1 |  1.1
Axes           | 3 |  3.0
Fighting       | |  3.6
Shields        | |  3.4

Action                   |  1- 3 |  4- 6 || total
-------------------------+-------+-------++-------
Melee: War axe           |    96 |    25 ||   121
       Tailslap          |     9 |     4 ||    13
Throw: Dart              |    31 |    25 ||    56
  Use: Potion            |       |     1 ||     1
 Stab: Sleeping          |     2 |       ||     2
Armor: Skin              |    29 |     5 ||    34
Dodge: Dodged            |    74 |    12 ||    86
Block: Buckler           |    28 |     3 ||    31

Table legend: (Time is in decaauts)
 A = Elapsed time spent in this place.
 B = Non-inter-level travel time spent in this place.
 C = Inter-level travel time spent in this place.
 D = Time resting spent in this place.
 E = Time spent auto-exploring this place.
 F = Levels seen in this place.
 G = Mean time per level.
                   A        B        C        D        E       F      G
               +--------+--------+--------+--------+--------+-----+--------+
         Total |   3315 |   3161 |    154 |      0 |   2695 |   4 |  828.8 |
       Dungeon |   3315 |   3161 |    154 |      0 |   2695 |   4 |  828.8 |
               +--------+--------+--------+--------+--------+-----+--------+

Top non-repeatable levels by time:
     D:2: 1167 daAuts
     D:1: 891 daAuts
     D:3: 683 daAuts
     D:4: 572 daAuts
